 Dungeon Crawl Stone Soup version 0.26-a0-665-gefeb406119 (webtiles) character file.

Game seed: 15459184670178522460

41618 robertstho the Sharpshooter (level 14, -12/92 HPs)
             Began as a Kobold Hunter on Oct 15, 2020.
             Was a High Priest of Okawaru.
             Mangled by a titanic slime creature (65 damage)
             ... on level 11 of the Dungeon.
             The game lasted 00:35:44 (21951 turns).

robertstho the Sharpshooter (Kobold Hunter)        Turns: 21951, Time: 00:35:46

Health: -12/92     AC: 26    Str: 16    XL:     14   Next: 51%
Magic:  20/20      EV: 19    Int:  8    God:    Okawaru [*****.]
Gold:   1612       SH:  0    Dex: 21    Spells: 13/13 levels left

rFire    . . .     SeeInvis +   L - +4 triple crossbow (flame)
rCold    + + +     Faith    .   (shield currently unavailable)
rNeg     . . .     Spirit   .   t - quicksilver dragon scales
rPois    .         Reflect  .   (no helmet)
rElec    .         Harm     .   q - +1 cloak {Stlth+}
rCorr    +         Rampage  .   C - +1 pair of gloves
MR       +++..                  U - +0 pair of boots of the World {MR+ rCorr SInv} (curse)
Stlth    ++++++....             s - amulet of the acrobat
HPRegen  0.25/turn              k - +4 ring of protection
MPRegen  0.17/turn              y - ring of Muylott {rC+++ AC+4 Str+4 Int-5 Dex+4}

@: no status effects
A: small, nightstalker 3
a: Heroism, Finesse, Renounce Religion


You were on level 11 of the Dungeon.
You worshipped Okawaru.
Okawaru was extremely pleased with you.
You visited 2 branches of the dungeon, and saw 17 of its levels.
You also visited: Bailey and Gauntlet.

You collected 1612 gold pieces.

Inventory:

Hand Weapons
 G - a +2 demon whip of venom
 L - a +4 triple crossbow of flaming (weapon)
 N - a +1 scimitar of flaming
Missiles
 d - 191 bolts (quivered)
Armour
 q - a +1 cloak of stealth (worn)
 t - quicksilver dragon scales (worn)
 C - a +1 pair of gloves (worn)
 D - a scarf of repulsion
 U - the cursed +0 pair of boots of the World (worn) {MR+ rCorr SInv}
   (You found it in a Gauntlet)

   It affects your resistance to hostile enchantments.
   It lets you see invisible.
   It provides partial protection from all sources of acid and corrosion.
   It has a curse placed upon it.
 X - a +0 buckler of protection
Jewellery
 a - the ring of Propriety {MR++ Str+6 Slay+5, unknown}
   (You found it on level 6 of the Lair of Beasts)

   [ring of strength]

   It affects your strength (+6).
   It affects your accuracy and damage with ranged weapons and melee attacks
   (+5).
   It affects your resistance to hostile enchantments.
 k - a +4 ring of protection (left hand)
 l - a cursed ring of protection from fire
 s - an amulet of the acrobat (around neck)
 y - the ring of Muylott (right hand) {rC+++ AC+4 Str+4 Int-5 Dex+4}
   (You found it on level 4 of the Dungeon)

   [ring of protection]

   It affects your AC (+4).
   It affects your strength (+4).
   It affects your intelligence (-5).
   It affects your dexterity (+4).
   It renders you almost immune to cold.
 A - an uncursed ring of protection from fire
 E - a +6 ring of dexterity {unknown}
 H - an uncursed ring of protection from magic
 K - an uncursed ring of positive energy
 O - an uncursed amulet of reflection
Wands
 b - a wand of acid (10)
 P - a wand of paralysis (10)
 W - a wand of disintegration (13)
Scrolls
 f - a scroll of holy word {unknown}
 g - 8 scrolls of remove curse
 n - 2 scrolls of blinking
 o - 5 scrolls of teleportation
 p - 7 scrolls of enchant weapon
 r - a scroll of vulnerability {unknown}
 u - 5 scrolls of immolation
 w - 4 scrolls of fear
 F - a scroll of fog {unknown}
 Q - 3 scrolls of summoning {unknown}
 T - a scroll of enchant armour
 Y - a scroll of identify
Potions
 c - 3 potions of cancellation
 e - a potion of stabbing
 h - a potion of ambrosia
 i - a potion of haste
 j - a potion of invisibility
 m - a potion of might
 z - a potion of resistance
 B - a potion of curing
 I - a potion of heal wounds
 J - 2 potions of magic
 M - 2 potions of berserk rage
 V - 2 potions of mutation
 Z - 3 potions of flight
Miscellaneous
 v - a tin of tremorstones (3/3)
 x - a phantom mirror
 R - a condenser vane (2/2)
 S - a lightning rod (4/4)


   Skills:
 * Level 12.4 Fighting
   Level 1.2(1.6) Short Blades
 + Level 0.8(1.0) Long Blades
 + Level 1.3 Maces & Flails
 + Level 15.7 Crossbows
 * Level 8.3 Armour
 + Level 7.3 Dodging
 * Level 12.5 Stealth
 * Level 9.1 Invocations


You had 13 spell levels left.
You didn't know any spells.
Your spell library contained the following spells:

 Spells                   Type           Power        Failure   Level
 Beastly Appendage        Tmut           #.....       58%         1
 Summon Small Mammal      Summ           #...         58%         1
 Call Imp                 Summ           #.......     73%         2
 Wereblood                Tmut           #.......     73%         2
 Call Canine Familiar     Summ           #.......     91%         3
 Confusing Touch          Hex            #.......     91%         3
 Gell's Gravitas          Tloc           #.........   91%         3
 Lesser Beckoning         Tloc           #.........   91%         3
 Portal Projectile        Hex/Tloc       #.....       91%         3
 Spider Form              Tmut/Pois      #.........   91%         3
 Summon Guardian Golem    Hex/Summ       #.......     91%         3
 Teleport Other           Tloc           #.......     91%         3
 Ice Form                 Ice/Tmut       #.......     100%        4
 Iskenderun's Mystic Bla  Conj/Tloc      #.......     100%        4
 Leda's Liquefaction      Hex/Erth       #.........   100%        4
 Petrify                  Tmut/Erth      #.......     100%        4
 Summon Ice Beast         Ice/Summ       #.......     100%        4
 Summon Lightning Spire   Summ/Air       #.......     100%        4
 Blade Hands              Tmut           #.........   100%        5
 Bolt of Magma            Conj/Fire/Erth #.........   100%        5
 Iskenderun's Battlesphe  Conj           #.......     100%        5
 Metabolic Englaciation   Hex/Ice        #.........   100%        5
 Summon Forest            Summ/Tloc      #.........   100%        5
 Yara's Violent Unravell  Hex/Tmut       #.........   100%        5
 Iron Shot                Conj/Erth      #.........   100%        6
 Statue Form              Tmut/Erth      #........    100%        6
 Malign Gateway           Summ/Tloc      #.........   100%        7
 Orb of Destruction       Conj           #.........   100%        7
 Spellforged Servitor     Conj/Summ      #.........   100%        7
 Disjunction              Tloc           #.........   100%        8
 Shatter                  Erth           #.........   100%        9


Dungeon Overview and Level Annotations

Branches:
Dungeon (11/15)            Temple (0/1) D:7            Lair (6/6) D:8
 Shoals (0/4) Lair:2       Spider (0/4) Lair:2        Slime (0/5) Lair:6
    Orc (0/2) D:10         Bailey (visited)         Gauntlet (visited)

Altars:
Ashenzari
Cheibriados
Dithmenos
Elyvilon
Fedhas
Kikubaaqudgha
Okawaru
Qazlal
Ru
Wu Jian
The Shining One

Annotations:
D:5 3 runed translucent doors
Lair:2 exclusion: oklob plant


Innate Abilities, Weirdness & Mutations

You are small and have problems with some larger weapons.
You are completely attuned to the shadows.


Message History

The bolt barely misses the titanic slime creature.
You shoot a bolt.
The bolt hits the titanic slime creature!
The bolt burns the titanic slime creature.
The titanic slime creature is lightly wounded.
You shoot a bolt.
The bolt completely misses the titanic slime creature.
The titanic slime creature misses you.
You shoot a bolt.
The bolt hits the titanic slime creature!!!
The bolt burns the titanic slime creature!
The titanic slime creature is moderately wounded.
The titanic slime creature closely misses you.
You shoot a bolt.
The bolt hits the titanic slime creature!!
The bolt burns the titanic slime creature!
The titanic slime creature is heavily wounded.
The titanic slime creature hits you!!! x2
Ouch! That really hurt!
You die...

#.#
#.##
####.#
#.#
#....#
#.#
#.####
#.#
#.#
#.#
#.#
#.#
#.#
#.#
#.#
#.#
#@#
#.#
#J#
#<#
#(#
#.#
#(#
#.#
.(.
#.#
#.#


You could see a titanic slime creature.

Vanquished Creatures
  A minotaur (Gauntlet)
  Harold (D:7)
  Josephine (Lair:5)
  A boulder beetle (Lair:5)
  7 hydras
  A death knight (D:10)
  Erica (Lair:1)
  3 death yaks (Lair:6)
  A wizard (Gauntlet)
  A lindwurm (Lair:6)
  An orc knight (Bailey)
  2 wolf spiders (Lair:6)
  2 ugly things (D:10)
  Maurice (D:10)
  Joseph (Lair:1)
  A torpor snail (Lair:3)
  7 elephants
  Maggie (D:7)
  11 cane toads
  5 rime drakes
  4 komodo dragons
  3 trolls
  2 hornets (Lair:6)
  A polar bear (Lair:6)
  17 blink frogs
  5 slime creatures
  3 dream sheep (Lair:6)
  2 large abominations (Gauntlet)
  2 wyverns
  5 wraiths (Lair:5)
  11 yaks
  8 basilisks
  A warg (D:10)
  4 small abominations (Gauntlet)
  15 water moccasins
  2 black bears
  2 ice beasts
  13 orc warriors
  3 sky beasts
  An eye of draining (D:9)
  2 ogres
  7 wolves
  A necrophage (D:6)
  6 centaurs
  21 bullfrogs
  2 wyvern skeletons
  4 scorpions
  5 killer bees (D:7)
  4 wights (D:6)
  2 howler monkeys (D:4)
  3 bullfrog zombies
  A quasit (D:8)
  2 centaur skeletons
  3 jellies
  A centaur zombie (D:8)
  A gnoll shaman (D:5)
  7 orc priests
  3 hounds
  14 orc wizards
  A bullfrog skeleton (D:4)
  3 iguanas
  8 worker ants
  2 hound skeletons (D:7)
  3 worker ant zombies
  4 gnolls
  10 adders
  2 shadow imps
  A white imp (D:7)
  An ufetubus (D:7)
  2 adder skeletons
  2 adder zombies
  3 worms
  3 dart slugs
  7 leopard geckos
  55 orcs
  3 ball pythons
  12 bats
  9 giant cockroaches
  19 goblins
  5 hobgoblins
  23 jackals
  A quokka (D:2)
  4 frilled lizards
  7 kobolds
  2 leopard gecko skeletons
  7 rats
442 creatures vanquished.

Vanquished Creatures (others)
  22 fungi
  43 plants
65 creatures vanquished.

Grand Total: 507 creatures vanquished

Notes
Turn   | Place    | Note
-------+----------+-------------------------------------------
     0 | D:1      | robertstho the Kobold Hunter began the quest for the Orb.
     0 | D:1      | Reached XP level 1. HP: 12/12 MP: 1/1
   149 | D:1      | Reached skill level 5 in Crossbows
   149 | D:1      | Reached XP level 2. HP: 18/18 MP: 2/2
   482 | D:1      | Reached XP level 3. HP: 22/22 MP: 3/3
   979 | D:2      | Reached skill level 1 in Armour
   983 | D:2      | Reached XP level 4. HP: 26/27 MP: 4/4
  1302 | D:2      | Found a white marble altar of Elyvilon.
  1765 | D:2      | Found an iron altar of Okawaru.
  2111 | D:2      | Reached skill level 6 in Crossbows
  2111 | D:2      | Reached XP level 5. HP: 32/32 MP: 5/5
  2978 | D:4      | Found an ancient bone altar of Kikubaaqudgha.
  2983 | D:4      | Reached XP level 6. HP: 37/37 MP: 6/6
  2998 | D:4      | Reached skill level 7 in Crossbows
  3121 | D:4      | Reached XP level 7. HP: 43/43 MP: 7/7
  3199 | D:4      | Found a snail-covered altar of Cheibriados.
  3231 | D:4      | Found a shadowy altar of Dithmenos.
  3865 | D:4      | Got a smoking platinum ring
  4115 | D:5      | Entered Level 5 of the Dungeon
  4117 | D:5      | Found a runed translucent gate.
  4237 | D:2      | Became a worshipper of Warmaster Okawaru
  4362 | D:5      | Reached skill level 5 in Fighting
  4502 | D:5      | Reached XP level 8. HP: 49/49 MP: 8/8
  4685 | D:5      | HP: 1/49 [centaur (6)]
  4695 | D:5      | Reached skill level 8 in Crossbows
  4695 | D:5      | Reached skill level 1 in Invocations
  4939 | D:5      | Reached skill level 1 in Short Blades
  5374 | D:5      | Reached skill level 5 in Stealth
  5531 | D:5      | Found a runed translucent gate.
  5532 | D:5      | Found a runed translucent gate.
  5793 | D:5      | Reached * piety under Okawaru
  6135 | D:5      | Identified the ring of Muylott {rC+++ AC+4 Str+4 Int-5
                  | Dex+4} (You found it on level 4 of the Dungeon)
  6585 | D:6      | Reached XP level 9. HP: 55/55 MP: 10/10
  6753 | D:6      | Found a sacrificial altar of Ru.
  6813 | D:6      | Reached skill level 9 in Crossbows
  7638 | D:7      | Found a staircase to the Ecumenical Temple.
  7653 | D:7      | Reached ** piety under Okawaru
  7854 | D:7      | Noticed Maggie
  7877 | D:7      | Killed Maggie
  7894 | D:7      | Noticed Harold
  8122 | D:7      | Killed Harold
  8122 | D:7      | Reached skill level 1 in Maces & Flails
  8122 | D:7      | Reached skill level 10 in Crossbows
  8122 | D:7      | Reached skill level 5 in Armour
  8122 | D:7      | Reached XP level 10. HP: 53/63 MP: 10/13
  8225 | D:7      | Found a glowing golden altar of the Shining One.
  8246 | D:7      | Reached *** piety under Okawaru
  9263 | D:8      | Found a flagged portal.
  9268 | Bailey   | Entered a bailey
  9365 | Bailey   | Noticed an orc knight
  9558 | Bailey   | Killed an orc knight
  9558 | Bailey   | Received a gift from Okawaru
  9711 | Bailey   | Reached **** piety under Okawaru
  9715 | Bailey   | Reached skill level 5 in Invocations
  9755 | Bailey   | Got an ichor-stained quarterstaff
  9781 | Bailey   | Identified the cursed +0 quarterstaff of Xuanuiqa {distort,
                  | +Rage rPois Str+4} (You found it in a bailey)
  9967 | D:8      | Found an ornate altar of the Wu Jian Council.
 10515 | D:8      | Found a staircase to the Lair.
 10677 | D:9      | Found a stormy altar of Qazlal.
 10681 | D:9      | Reached XP level 11. HP: 69/69 MP: 14/14
 10682 | D:9      | Found a blossoming altar of Fedhas.
 10765 | D:9      | Received a gift from Okawaru
 10772 | D:9      | Reached skill level 11 in Crossbows
 11348 | D:9      | Found a broken altar of Ashenzari.
 11758 | D:10     | Entered Level 10 of the Dungeon
 11763 | D:10     | Received a gift from Okawaru
 11800 | D:10     | Found a glowing golden altar of the Shining One.
 11970 | D:10     | Noticed a death knight
 11970 | D:10     | Noticed a cyclops
 11970 | D:10     | Noticed a cyan ugly thing
 11971 | D:10     | Noticed a cyclops
 12030 | Lair:1   | Entered Level 1 of the Lair of Beasts
 12042 | Lair:1   | Noticed Erica
 12052 | Lair:1   | Killed Erica
 12052 | Lair:1   | Received a gift from Okawaru
 12627 | Lair:1   | Reached skill level 12 in Crossbows
 12896 | Lair:1   | Reached skill level 5 in Dodging
 13125 | Lair:1   | Noticed Joseph
 13134 | Lair:1   | Killed Joseph
 13134 | Lair:1   | Received a gift from Okawaru
 13205 | Lair:1   | Noticed a five-headed hydra
 13212 | Lair:1   | Killed a five-headed hydra
 13212 | Lair:1   | Reached ***** piety under Okawaru
 13212 | Lair:1   | Reached XP level 12. HP: 66/77 MP: 13/16
 13560 | Lair:2   | Received a gift from Okawaru
 13641 | Lair:2   | Noticed an eight-headed hydra
 13708 | Lair:2   | Killed an eight-headed hydra
 13708 | Lair:2   | Reached skill level 10 in Fighting
 13946 | Lair:2   | Reached skill level 10 in Stealth
 13960 | Lair:2   | Found a hole to the Spider Nest.
 14093 | Lair:2   | Found a staircase to the Shoals.
 14560 | Lair:3   | Received a gift from Okawaru
 14560 | Lair:3   | Reached skill level 13 in Crossbows
 14981 | Lair:3   | Received a gift from Okawaru
 16012 | Lair:4   | Reached XP level 13. HP: 84/84 MP: 18/18
 16547 | Lair:5   | Found a gate leading to a gauntlet.
 16568 | Lair:5   | Found a blossoming altar of Fedhas.
 16577 | Gauntlet | Entered a Gauntlet
 16651 | Gauntlet | Noticed an entropy weaver
 16658 | Gauntlet | Found a transporter.
 16709 | Gauntlet | Found a transporter.
 16723 | Gauntlet | Found a transporter.
 16773 | Gauntlet | Found a transporter.
 16809 | Gauntlet | Found a transporter.
 16809 | Gauntlet | Found a transporter.
 16886 | Gauntlet | Found a transporter.
 16888 | Gauntlet | Paralysed by a wizard for 4 turns
 16915 | Gauntlet | Found a transporter.
 16930 | Gauntlet | Reached skill level 14 in Crossbows
 16978 | Gauntlet | Got a pair of spiked boots
 17010 | Gauntlet | Identified the +0 pair of boots of the Endless Wishes
                  | {*Drain rC- MR++ Stlth+} (You found it in a Gauntlet)
 17046 | Gauntlet | Noticed a minotaur
 17059 | Gauntlet | Killed a minotaur
 17071 | Gauntlet | Got a pair of polished boots
 17073 | Gauntlet | Identified the Collected Works on the Compass
 17117 | Lair:5   | Identified the cursed +0 pair of boots of the World {MR+
                  | rCorr SInv} (You found it in a Gauntlet)
 17135 | Lair:5   | Noticed a boulder beetle
 17155 | Lair:5   | Killed a boulder beetle
 17155 | Lair:5   | Received a gift from Okawaru
 17156 | Lair:5   | Got an ivory fustibalus {god gift}
 17157 | Lair:5   | Identified the +10 fustibalus of Moor {flame, *Contam MR+
                  | Int+2} (Okawaru gifted it to you on level 5 of the Lair of
                  | Beasts)
 18238 | Lair:5   | Noticed Josephine
 18242 | Lair:5   | Killed Josephine
 18307 | Lair:5   | Noticed an eight-headed hydra
 18310 | Lair:5   | Killed an eight-headed hydra
 18514 | Lair:6   | Entered Level 6 of the Lair of Beasts
 19114 | Lair:6   | Noticed a five-headed hydra
 19118 | Lair:6   | Killed a five-headed hydra
 19213 | Lair:6   | Reached skill level 15 in Crossbows
 19558 | Lair:6   | Received a gift from Okawaru
 19744 | Lair:6   | Found a staircase to the Slime Pits.
 19760 | Lair:6   | Noticed a seven-headed hydra
 19764 | Lair:6   | Killed a seven-headed hydra
 19764 | Lair:6   | Received a gift from Okawaru
 19764 | Lair:6   | Reached XP level 14. HP: 82/91 MP: 20/20
 19775 | Lair:6   | Got a fine chain mail {god gift}
 19785 | Lair:6   | Identified the +1 chain mail of the Other World {Str+3}
                  | (Okawaru gifted it to you on level 6 of the Lair of Beasts)
 19880 | Lair:6   | Got a transparent jade ring
 21468 | D:10     | Noticed Maurice
 21474 | D:10     | Killed Maurice
 21535 | D:10     | Found a staircase to the Orcish Mines.
 21951 | D:11     | Mangled by a titanic slime creature

Illustrated notes

Levels and vault maps discovered:
D:1:      grunt_arrival_lava_bath, layout_loops_ring, corner_web_ring
D:2:      layout_basic, old_standard_altar, elyvilon_altar_5,
          kennysheep_generic_room_15
D:3:      layout_basic
D:4:      layout_basic, kennysheep_slug_shrine, kennysheep_little_box,
          nicolae_dithmenos_through_a_glass_darkly, minmay_three_crescents
D:5:      layout_basic, gammafunk_ghost_necromancy,
          corexii_item_surrounded_by_moat, feat_on_display
D:6:      layout_layer_cave, overflow_temple_1_default
D:7:      layout_gridville, nicolae_overflow_crystal_walls,
          minmay_temple_entry_large_hall, uniq_harold, uniq_maggie
D:8:      layout_gridville, old_standard_altar, lair_entry_dummy, enter_bailey_3
D:9:      layout_loops_ring, cheibrodos_ashenzari_chains,
          grunt_temple_overflow_forces_of_nature
D:10:     minmay_chambers_of_sevens, layout_basic, david_orc_1_choice,
          basic_altar, uniq_maurice
D:11:     layout_roguey
Lair:1:   layout_regular_city, uniq_joseph, uniq_erica
Lair:2:   layout_long_grid, minmay_shoals_entry_centaurs, dummy_spider_entry,
          serial_bayou_lagoon_b, serial_bayou_shore_b
Lair:3:   layout_layer_cave, st_stairs_13, serial_bayou_shore_b,
          lemuel_fruit_tree
Lair:4:   layout_loops_ring, grunt_megastairs_1
Lair:5:   layout_roguey, gauntlet_entry_generic, basic_altar, uniq_josephine
Lair:6:   hangedman_lair_in_review, layout_hall_layers, slime_dummy,
          serial_bayou_crossing

Skill      XL: |  1  2  3  4  5  6  7  8  9 10 11 12 13 14 |
---------------+-------------------------------------------+-----
Crossbows      | 5 6 7 8 10 12 13 15 | 15.7
Stealth        | 2 3 4 5 7 8 9 10 11 12 | 12.5
Armour         | 1 2 3 5 6 7 8 |  8.3
Fighting       | 3 4 5 7 8 9 10 11 12 | 12.4
Invocations    | 2 4 5 6 7 8 9 |  9.1
Short Blades   | 1 |  1.2
Dodging        | 3 4 5 6 7 |  7.3
Maces & Flails | 1 |  1.3
Long Blades    | |  0.8

Action                   |  1- 3 |  4- 6 |  7- 9 | 10-12 | 13-15 || total
-------------------------+-------+-------+-------+-------+-------++-------
Melee: Short sword       |       |       |    23 |       |       ||    23
       Long sword        |       |       |     2 |       |       ||     2
       Flail             |       |       |    17 |    22 |       ||    39
 Fire: Hand crossbow     |    83 |   138 |   372 |   176 |       ||   769
       Arbalest          |       |       |       |   411 |    69 ||   480
       Triple crossbow   |       |       |       |       |   248 ||   248
Invok: Heroism           |       |       |     4 |     9 |     7 ||    20
       Finesse           |       |       |       |       |     1 ||     1
  Use: Potion            |       |     2 |     4 |     2 |     2 ||    10
       Scroll            |       |       |     3 |    14 |    12 ||    29
 Stab: Sleeping          |       |       |     1 |       |       ||     1
Armor: Scale mail        |    16 |    23 |   132 |    61 |       ||   232
       Leather armour    |     1 |       |       |       |       ||     1
       Troll leather arm |       |       |       |   111 |     4 ||   115
       Quicksilver drago |       |       |       |       |   133 ||   133
Dodge: Dodged            |    20 |    19 |   196 |   485 |   247 ||   967
       Repelled          |       |       |       |     6 |       ||     6

Table legend: (Time is in decaauts)
 A = Elapsed time spent in this place.
 B = Non-inter-level travel time spent in this place.
 C = Inter-level travel time spent in this place.
 D = Time resting spent in this place.
 E = Time spent auto-exploring this place.
 F = Levels seen in this place.
 G = Mean time per level.
                   A        B        C        D        E       F      G
               +--------+--------+--------+--------+--------+-----+--------+
         Total |  22361 |  21577 |    784 |   1646 |  16347 |  19 | 1176.9 |
       Dungeon |  12613 |  12038 |    575 |    825 |   9169 |  11 | 1146.6 |
          Lair |   8703 |   8495 |    208 |    669 |   6687 |   6 | 1450.5 |
        Bailey |    523 |    523 |      0 |    152 |    194 |   1 |  523.0 |
      Gauntlet |    520 |    520 |      0 |      0 |    297 |   1 |  520.0 |
               +--------+--------+--------+--------+--------+-----+--------+

Top non-repeatable levels by time:
  Lair:6: 2266 daAuts
  Lair:5: 1735 daAuts
     D:6: 1652 daAuts
     D:4: 1610 daAuts
     D:5: 1491 daAuts
     D:9: 1426 daAuts
  Lair:1: 1359 daAuts
  Lair:2: 1274 daAuts
     D:2: 1250 daAuts
     D:7: 1223 daAuts
  Lair:3: 1221 daAuts
     D:8: 1218 daAuts
     D:1: 969 daAuts
     D:3: 875 daAuts
  Lair:4: 847 daAuts
